AoeStats
← TX430054

Arena

509654742Analyzed
1v1 RM · 5d ago on Sep 27, 2026· 32m 51s· 2 players
Game mode
Random Map
Map size
Tiny (2 player)
Population
200
Speed
Normal
Resources
Standard
Victory
Conquest
Starting age
Dark Age
Ending age
Imperial Age
RankedLock teamsTeams togetherTeam positionsShared explorationLock speedFull tech treeHidden civsTurbo modeCheats
Victory
Defeat
🇹🇼 Turks · Taiwan
919
+15
🇹🇼 Dravidians · Taiwan
900
-15
若子熙
10:50 Feudal Age
16:18 Castle Age
14:20 Stone Mining
15:30 Double-Bit Axe
15:31 Horse Collar
17:59 Elite Skirmisher
20:01 Fletching
21:28 Bodkin Arrow
TX430054
10:59 Feudal Age
12:31 Loom
15:30 Castle Age
13:57 Double-Bit Axe
14:53 Gold Mining
15:41 Horse Collar
17:57 Bow Saw
20:59 Padded Archer Armor
21:59 Leather Archer Armor
32:12 Imperial Age
Connection lost

Rejoining the realm…

Still unreachable

The connection could not be restored.

Session expired

The server has moved on; the page needs a fresh start.